 Dungeon Crawl Stone Soup version 0.19.4-12-gccf7e64 (webtiles) character file.

132 Jm2c the Skirmisher (level 5, -1/47 HPs)
             Began as a Hill Orc Fighter on Feb 26, 2017.
             Was an Initiate of Okawaru.
             Slain by an orc
             ... wielding a +0 flail
              (5 damage)
             ... on level 3 of the Dungeon.
             The game lasted 00:13:26 (1863 turns).

Jm2c the Skirmisher (Hill Orc Fighter)              Turns: 1863, Time: 00:13:31

Health: -1/47      AC:  6    Str: 17 (19) XL:     5   Next: 15%
Magic:  5/5        EV:  7    Int:  7 (8)  God:    Okawaru [......]
Gold:   104        SH:  8    Dex:  9 (11) Spells: 0 memorised, 4 levels left

rFire  . . .     SeeInvis .     h - +4 falchion
rCold  . . .     Gourm    .     p - +0 scale mail
rNeg   . . .     Faith    .     c - +0 shield
rPois  .         Spirit   .     (no helmet)
rElec  .         Reflect  .     (no cloak)
rCorr  .         Harm     .     (no gloves)
MR     .....                    (no boots)
Stlth  ..........               (no amulet)
                                (no ring)
                                (no ring)

@: hasted, very quick
A: no striking features
a: Renounce Religion


You were on level 3 of the Dungeon.
You worshipped Okawaru.
Okawaru was noncommittal.
You were not hungry.

You visited 1 branch of the dungeon, and saw 3 of its levels.

You collected 104 gold pieces.

Inventory:

Hand Weapons
 a - a +0 war axe
 b - a +0 hunting sling
 h - a +4 falchion (weapon)
Missiles
 e - 165 stones (quivered)
 l - 20 poisoned needles
Armour
 c - a +0 shield (worn)
 p - a +0 scale mail (worn)
Scrolls
 k - 2 scrolls of amnesia
 m - a scroll of identify
 q - a scroll of immolation {unknown}
Potions
 d - a potion of might
 i - a potion of degeneration
Comestibles
 f - 3 bread rations
 g - 13 chunks of flesh
 n - a meat ration


   Skills:
 + Level 4.7 Fighting
 * Level 3.9 Long Blades
 - Level 2.9 Axes
 - Level 3.5 Armour
 - Level 3.2 Shields


You had 4 spell levels left.
You didn't know any spells.

Dungeon Overview and Level Annotations

Branches:
Dungeon (3/15)

Altars:
Okawaru
Trog


Message History

You block the worm's attack. Something hits you but does no damage.
You closely miss something. The orc hits you with a flail.
You hear some strange, mumbled words.
You are confused.
It was a potion of degeneration.
There was something very wrong with that liquid.
You feel weakened.
You feel dopey.
You feel clumsy. The orc hits you with a flail.
* * * LOW HITPOINT WARNING * * *
The worm bites you but does no damage. Something hits you but does no damage.
It was a potion of curing.
You feel better. The orc misses you. Something hits you but does no damage.
The worm bites you.
* * * LOW HITPOINT WARNING * * *
It was a potion of haste.
You feel yourself speed up.
You hear some strange, mumbled words.
A puff of flame appears from out of thin air!
The puff of flame hits you!
* * * LOW HITPOINT WARNING * * *
The orc hits you with a flail.
You die...

##...............#
.
.......<.......#.#
##...............#
######<..########
#^..# ########...#
.......#รท).#
.#.#.#.#o(.##
......[@w...#
.#.#.#{##...#
..............#
.#.#.#.w......#
..............#
.#.#.#.##...##.#
....... #...# #..
....... ##### .
...l


You could see a worm and an orc.

Vanquished Creatures
  2 orc priests (D:3)
  2 oozes (D:1)
  A dart slug (D:2)
  3 leopard geckos
  4 orcs (D:3)
  A ball python (D:1)
  A giant cockroach (D:1)
  2 goblins
  6 hobgoblins
  2 jackals (D:3)
  10 kobolds
  A quokka (D:3)
  9 bats
  5 frilled lizards
  6 rats
  A plant (D:2)
56 creatures vanquished.

Notes
Turn   | Place    | Note
-------+----------+-------------------------------------------
     0 | D:1      | Jm2c the Hill Orc Fighter began the quest for the Orb.
     0 | D:1      | Reached XP level 1. HP: 19/19 MP: 1/1
    48 | D:1      | Reached XP level 2. HP: 3/27 MP: 2/2
   404 | D:1      | Found an iron altar of Okawaru.
   419 | D:1      | Became a worshipper of Warmaster Okawaru
   639 | D:1      | Reached skill level 4 in Fighting
   675 | D:1      | Reached skill level 1 in Long Blades
   753 | D:1      | Reached XP level 3. HP: 32/33 MP: 3/3
  1679 | D:3      | Found a bloodstained altar of Trog.
  1704 | D:3      | Reached XP level 4. HP: 37/40 MP: 4/4
  1854 | D:3      | Reached XP level 5. HP: 19/47 MP: 5/5
  1863 | D:3      | Slain by an orc

Skill      XL: |  1  2  3  4 |
---------------+-------------+-----
Fighting       | 4 |  4.7
Long Blades    | 1 2 3 |  3.9
Axes           | |  2.9
Armour         | |  3.5
Shields        | |  3.2

Action                   |  1- 3 |  4- 6 || total
-------------------------+-------+-------++-------
Melee: War axe           |    30 |       ||    30
       Falchion          |   133 |    40 ||   173
Throw: Stone             |    37 |     2 ||    39
  Use: Scroll            |     3 |       ||     3
       Potion            |       |     3 ||     3
  Eat: Meat ration       |     1 |       ||     1
Armor: Scale mail        |    73 |    21 ||    94
Dodge: Dodged            |    45 |    22 ||    67
Block: Shield            |    82 |    20 ||   102
       Rpst.: Falchion   |    10 |    10 ||    20
